 Dungeon Crawl Stone Soup version 0.17.1-2-g5865329 (webtiles) character file.

16933 PossumBlood the Markself (level 12, -5/70 HPs)
             Began as a High Elf Hunter on Jan 24, 2016.
             Was a High Priest of Okawaru.
             Slain by a cyclops (10 damage)
             ... on level 11 of the Dungeon.
             The game lasted 01:16:25 (12385 turns).

PossumBlood the Markself (High Elf Hunter)         Turns: 12385, Time: 01:16:25

Health: -5/70      AC: 26    Str: 11    XL:     12   Next: 14%
Magic:  21/21      EV:  8    Int: 27    God:    Okawaru [*****.]
Gold:   147        SH:  0    Dex: 23    Spells: 0 memorised, 11 levels left

rFire  . . .     SeeInvis .     z - +3 longbow "Daklefush" {venom, rC+}
rCold  + . .     Clarity  .     i - +8 plate armour "Heicre Guil" {*Confuse Int+3 Dex+4}
rNeg   . . .     SustAt   .     (shield currently unavailable)
rPois  .         Gourm    .     y - +3 hat of Pondering {ponderous, MR+ MP+10 Int+5}
rElec  .         Spirit   .     f - +1 cloak
rCorr  .         Warding  .     F - +0 pair of gloves {archery}
rMut   .         Stasis   .     q - +1 pair of boots
MR     ++...                    k - amulet of rage
Stlth  ..........               b - +3 ring of intelligence
                                a - +1 ring of evasion

@: very slightly contaminated, invisible, slow, very resistant to hostile
enchantments, extremely unstealthy
A: clumsy 1, low mp 1, MP-powered wands
a: Heroism, Finesse, Renounce Religion, Evoke Berserk Rage


You were on level 11 of the Dungeon.
You worshipped Okawaru.
Okawaru was extremely pleased with you.
You were not hungry.

You visited 2 branches of the dungeon, and saw 12 of its levels.
You also visited: Ossuary and Bailey.

You collected 803 gold pieces.
You spent 656 gold pieces at shops.

Inventory:

Hand Weapons
 e - the +5 spear of the Elven Halls {pierce, rC- Dex+12 SInv}
   (You found it on level 4 of the Dungeon)

   It inflicts extra damage upon your enemies.
   It affects your dexterity (+12).
   It makes you vulnerable to cold.
   It lets you see invisible.
 w - the +2 quarterstaff of Noedox {flame, rN+}
   (You found it on level 7 of the Dungeon)

   It has been specially enchanted to burn those struck by it, causing extra
   injury to most foes and up to half again as much damage against particularly
   susceptible opponents.
   It protects you from negative energy.
 z - the +3 longbow "Daklefush" (weapon) {venom, rC+}
   (You acquired it in a bailey)

   It poisons the ammo it fires.
   It protects you from cold.
 P - the +4 war axe of Utopivei {chop, rElec Str+6 Stlth-}
   (You found it on level 8 of the Dungeon)

   It inflicts extra damage upon your enemies.
   It affects your strength (+6).
   It insulates you from electricity.
   It makes you less stealthy.
Missiles
 h - 3 arrows of flame (quivered)
 u - 9 poisoned arrows
 V - 19 arrows of dispersal
 Y - 5 arrows of frost
 Z - 7 javelins of penetration
Armour
 c - a +1 leather armour
 f - a +1 cloak (worn)
 i - the +8 plate armour "Heicre Guil" (worn) {*Confuse Int+3 Dex+4}
   (You found it in a bailey)

   It affects your intelligence (+3).
   It affects your dexterity (+4).
   It may confuse you when you take damage.
 o - a +0 pair of gloves
 q - a +1 pair of boots (worn)
 r - a +0 helmet
 y - the +3 hat of Pondering (worn) {ponderous, MR+ MP+10 Int+5}
   (Okawaru gifted it to you on level 11 of the Dungeon)

   It affects your intelligence (+5).
   It affects your resistance to hostile enchantments.
   It affects your magic capacity (+10).
 F - a +0 pair of gloves of archery (worn)
Jewellery
 a - a +1 ring of evasion (left hand)
 b - a +3 ring of intelligence (right hand)
 k - an amulet of rage (around neck)
 v - an uncursed ring of wizardry
Wands
 C - a wand of digging (9)
 M - a wand of teleportation (7)
 Q - a wand of cold (15)
Scrolls
 j - 3 scrolls of immolation
 n - 6 scrolls of remove curse
 G - a scroll of blinking
 K - a scroll of fog
 N - a scroll of magic mapping
 O - 2 scrolls of enchant armour
 S - a scroll of amnesia
Potions
 g - 4 potions of mutation
 l - 4 potions of resistance
 p - a potion of cancellation {unknown}
 s - 8 potions of curing
 t - 4 potions of brilliance
 A - 2 potions of flight {unknown}
 E - a potion of might {unknown}
 H - a potion of poison
 I - a potion of beneficial mutation {unknown}
 L - a potion of berserk rage {unknown}
 U - 2 potions of lignification
 W - a potion of cure mutation {unknown}
Books
 T - Lehudib's Volume of Stones
   (You found it on level 11 of the Dungeon)

   Spells                             Type                      Level
   a - Sandblast                      Earth                        1
   b - Leda's Liquefaction            Hexes/Earth                  4
   c - Petrify                        Transmutation/Earth          4
   d - Statue Form                    Transmutation/Earth          6
 X - a book of the Dragon

   Spells                             Type                      Level
   a - Flame Tongue                   Conjuration/Fire             1
   b - Cause Fear                     Hexes                        4
   c - Bolt of Fire                   Conjuration/Fire             6
   d - Dragon Form                    Transmutation                7
   e - Dragon's Call                  Summoning                    9
Miscellaneous
 R - a sack of spiders
Comestibles
 x - 5 meat rations
 J - a bread ration


   Skills:
 - Level 2.0 Fighting
 + Level 19.8 Bows
 - Level 12.5 Dodging
 - Level 1.1 Stealth


You had 11 spell levels left.
You didn't know any spells.

Dungeon Overview and Level Annotations

Branches:
Dungeon (11/15)            Temple (1/1) D:6            Lair (0/8) D:9
    Orc (0/4) D:11

Altars:
Ashenzari
Cheibriados
Dithmenos
Elyvilon
Fedhas
Gozag
Kikubaaqudgha
Makhleb
Nemelex Xobeh
Okawaru
Qazlal
Ru
Sif Muna
Trog
Vehumet
Xom
Yredelemnul
Zin
The Shining One

Shops:
D:5 *   D:8 =   D:9 *   D:10 !   D:11 ([

Portals:
Trove: D:11 (give +3 storm dragon armour)


Innate Abilities, Weirdness & Mutations

You are clumsy. (Dex -2)
Your magical capacity is low (-10% MP).
You expend magic power (3 MP) to strengthen your wands.


Message History

You feel sick. The vampire mosquito barely misses you.
The giant frog barely misses you. The vampire mosquito misses you.
You are very lightly contaminated with residual magic.
Drink which item? (? for menu, Esc to quit)
You feel better.
The vampire mosquito bites you but does no damage.
The giant frog hits you.
* * * LOW HITPOINT WARNING * * *
The skeletal warrior hits you but does no damage.
The vampire mosquito bites you but does no damage.
The giant frog hits you but does no damage.
The cyclops throws a large rock.
The large rock barely misses the vampire mosquito.
The large rock barely misses you. The scorpion closely misses you.
The vampire mosquito barely misses you.
The cyclops throws a large rock.
The large rock closely misses the skeletal warrior.
The large rock hits the vampire mosquito!!
The scorpion barely misses you. The vampire mosquito misses you.
The cyclops hits you!
You die...

...................#####...#
..###.....#####.#.########.#
....(................>.....#
#..##.#####........#######.#
# #.# #........# #.# #.
#..(.....# ### #........#
#...(....# #.....@..#
##....Cy..#######
......sF(........
.###.(uzD######## #..(..CZ#
..##.###.#[#).e.Y#########.
<..........)...(u(.........
......#...(######..D.######
........(......)#........)#


You could see a seven-headed hydra, 2 ugly things, a skeletal warrior, 2
cyclopes, a vampire mosquito, an ice beast, a deep elf mage, a giant frog, a
scorpion and a wyvern skeleton.

Vanquished Creatures
  A vault guard (D:11)
  A tengu warrior (D:11)
  An orc high priest (Bailey)
  Urug (D:10)
  3 unseen horrors
  Pikel (D:6)
  3 hill giants
  An orc sorcerer (Bailey)
  An ugly thing (D:11)
  An orc knight (Bailey)
  A cyclops (D:11)
  A gargoyle (D:11)
  2 trolls
  Grinder (D:3)
  Prince Ribbit (D:7)
  3 wyverns
  2 wraiths (Ossuary)
  A steam dragon (D:11)
  2 wolves (D:9)
  2 hungry ghosts (D:8)
  A mottled dragon (Bailey)
  2 hippogriffs
  3 phantoms
  A water moccasin (D:5)
  3 black bears (D:10)
  2 ice beasts
  2 slaves (D:6)
  A sky beast (D:10)
  14 ogres
  20 orc warriors
  3 centaurs
  2 giant frogs
  A gnoll sergeant (D:6)
  4 scorpions
  4 killer bees (D:8)
  3 wights (Ossuary)
  9 hounds
  4 crimson imps
  A quasit (D:9)
  A centaur skeleton (D:11)
  6 electric eels
  2 giant frog zombies
  4 orc priests
  6 worker ants
  A giant frog skeleton (D:8)
  2 jellies
  Terence (D:3)
  7 iguanas
  9 orc wizards
  A mummy (D:6)
  A hound zombie (D:6)
  A worker ant zombie (D:11)
  9 gnolls
  8 adders
  2 shadow imps
  An ooze (D:3)
  An adder zombie (D:9)
  An adder skeleton (D:8)
  2 worms
  6 giant geckos
  45 orcs
  A ball python (D:5)
  3 bats
  8 giant cockroaches
  12 goblins
  8 hobgoblins
  7 jackals
  3 quokkas
  2 ball python skeletons (Ossuary)
  A giant cockroach zombie (D:6)
  5 giant newts
  2 hobgoblin zombies (Ossuary)
  4 kobolds
  A kobold zombie (D:6)
  3 orc skeletons (Ossuary)
  2 orc zombies
  A quokka skeleton (D:9)
  A quokka zombie (D:5)
  11 rats
  A spectral orc (D:6)
  5 fungi (D:6)
  A plant (D:6)
309 creatures vanquished.

Vanquished Creatures (others)
  A slave (D:6)
  An orc (D:9)
  A jackal (D:9)
  2 fungi (D:6)
5 creatures vanquished.

Grand Total: 314 creatures vanquished

Notes
Turn   | Place    | Note
--------------------------------------------------------------
     0 | D:1      | PossumBlood the High Elf Hunter began the quest for the Orb.
     0 | D:1      | Reached XP level 1. HP: 14/14 MP: 2/2
   216 | D:1      | Reached skill level 6 in Bows
   216 | D:1      | Reached XP level 2. HP: 19/19 MP: 3/3
   834 | D:2      | Found a stormy altar of Qazlal.
  1079 | D:2      | Reached XP level 3. HP: 24/24 MP: 4/4
  1455 | D:2      | Reached skill level 7 in Bows
  1767 | D:3      | Reached XP level 4. HP: 24/29 MP: 5/5
  1905 | D:3      | Found a faded altar to an unknown god.
  1954 | D:3      | Found a snail-covered altar of Cheibriados.
  1954 | D:3      | Found an ancient bone altar of Kikubaaqudgha.
  1994 | D:3      | Noticed Grinder
  1995 | D:3      | Noticed Terence
  2005 | D:3      | Killed Terence
  2005 | D:3      | Reached skill level 8 in Bows
  2026 | D:3      | Killed Grinder
  2026 | D:3      | Reached skill level 9 in Bows
  2026 | D:3      | Reached XP level 5. HP: 28/34 MP: 6/6
  2026 | D:3      | Reached XP level 6. HP: 32/39 MP: 7/7
  2146 | D:3      | Found a white marble altar of Elyvilon.
  2184 | D:3      | Found a radiant altar of Vehumet.
  2187 | D:3      | Found a deep blue altar of Sif Muna.
  2189 | D:3      | Found a blossoming altar of Fedhas.
  2358 | D:4      | Reached skill level 10 in Bows
  3118 | D:4      | Got a transparent spear
  3119 | D:4      | Identified the +5 spear of the Elven Halls {pierce, rC- Dex+12 SInv} (You found it on level 4 of the Dungeon)
  3143 | D:4      | Reached skill level 11 in Bows
  3143 | D:4      | Reached XP level 7. HP: 45/45 MP: 8/8
  3672 | D:5      | Entered Level 5 of the Dungeon
  3695 | D:5      | Reached skill level 12 in Bows
  3842 | D:5      | Reached XP level 8. HP: 50/50 MP: 9/9
  3918 | D:5      | Found Ynyedu's General Store.
  3921 | D:5      | Bought a scroll of enchant armour for 82 gold pieces
  3921 | D:5      | Bought a potion of heal wounds for 55 gold pieces
  3921 | D:5      | Bought a meat ration for 55 gold pieces
  3956 | D:5      | Reached skill level 13 in Bows
  4533 | D:6      | Found a blossoming altar of Fedhas.
  4570 | D:6      | Reached skill level 14 in Bows
  4939 | D:6      | Reached skill level 5 in Dodging
  4985 | D:6      | Found a sand-covered staircase.
  4998 | Ossuary  | Entered an ossuary
  5360 | Ossuary  | Reached XP level 9. HP: 54/54 MP: 10/10
  5751 | D:6      | Noticed Pikel
  5791 | D:6      | Killed Pikel
  5920 | D:6      | Found a staircase to the Ecumenical Temple.
  5932 | Temple   | Entered the Ecumenical Temple
  5960 | Temple   | Became a worshipper of Warmaster Okawaru
  6359 | D:6      | Found a basalt altar of Yredelemnul.
  6491 | D:7      | Noticed Prince Ribbit
  6506 | D:7      | Killed Prince Ribbit
  6506 | D:7      | Reached skill level 10 in Dodging
  6561 | D:7      | Reached * piety under Okawaru
  6602 | D:7      | Got a pitted quarterstaff
  6633 | D:7      | Identified the +2 quarterstaff of Noedox {flame, rN+} (You found it on level 7 of the Dungeon)
  6648 | D:7      | Found a glowing silver altar of Zin.
  6765 | D:7      | Found a flagged portal.
  6774 | Bailey   | Entered a bailey
  6844 | Bailey   | Noticed an orc sorcerer
  6848 | Bailey   | Noticed an orc high priest
  6856 | Bailey   | Gained mutation: You are clumsy. (Dex -2) [a neqoxec]
  6862 | Bailey   | Gained mutation: Your magical capacity is low (-10% MP). [a neqoxec]
  6867 | Bailey   | Noticed an ice devil
  6869 | Bailey   | Killed an orc high priest
  6869 | Bailey   | Reached ** piety under Okawaru
  6869 | Bailey   | Reached XP level 10. HP: 60/60 MP: 10/10
  6874 | Bailey   | Gained mutation: You expend magic power (3 MP) to strengthen your wands. [a neqoxec]
  6887 | Bailey   | Paralysed by an orc sorcerer for 3 turns
  6894 | Bailey   | Killed an orc sorcerer
  6952 | Bailey   | Found an iron altar of Okawaru.
  6988 | Bailey   | Noticed an orc knight
  7036 | Bailey   | Killed an orc knight
  7216 | Bailey   | Got a shimmering plate armour
  7475 | Bailey   | Got a fine longbow
  7476 | Bailey   | Identified the +3 longbow "Daklefush" {venom, rC+} (You acquired it in a bailey)
  7503 | Bailey   | Reached *** piety under Okawaru
  8185 | D:8      | Reached skill level 15 in Bows
  8490 | D:8      | Found a shadowy altar of Dithmenos.
  8610 | D:8      | Found Xiuclosh's Jewellery Emporium.
  8628 | D:8      | Got a jewelled war axe
  8652 | D:8      | Identified the +4 war axe of Utopivei {chop, rElec Str+6 Stlth-} (You found it on level 8 of the Dungeon)
  8706 | D:8      | Found a glowing golden altar of the Shining One.
  8879 | D:8      | Noticed a moth of wrath
  8883 | D:8      | Found a bloodstained altar of Trog.
  9089 | D:8      | Reached **** piety under Okawaru
  9238 | D:9      | Reached XP level 11. HP: 64/64 MP: 10/10
  9341 | D:9      | Found Eptuyn Loci's General Store.
  9354 | D:9      | Bought a potion of heal wounds for 60 gold pieces
  9409 | D:9      | Reached skill level 16 in Bows
  9801 | D:9      | Found a staircase to the Lair.
  9864 | D:9      | Identified the +8 plate armour "Heicre Guil" {*Confuse Int+3 Dex+4} (You found it in a bailey)
 10072 | D:9      | Received a gift from Okawaru
 10276 | D:10     | Entered Level 10 of the Dungeon
 10432 | D:10     | Noticed Urug
 10447 | D:10     | Killed Urug
 10447 | D:10     | Reached skill level 17 in Bows
 10459 | D:10     | Noticed an unseen horror
 10469 | D:10     | Killed an unseen horror
 10700 | D:10     | Noticed a hill giant
 10705 | D:10     | Killed a hill giant
 11080 | D:10     | Found Oteyg's Distillery.
 11104 | D:10     | Bought a potion of lignification for 48 gold pieces
 11104 | D:10     | Bought a potion of curing for 48 gold pieces
 11104 | D:10     | Bought a potion of curing for 48 gold pieces
 11104 | D:10     | Bought a potion of mutation for 40 gold pieces
 11104 | D:10     | Bought a potion of curing for 48 gold pieces
 11226 | D:10     | Noticed an unseen horror
 11227 | D:10     | Killed an unseen horror
 11227 | D:10     | Reached ***** piety under Okawaru
 11227 | D:10     | Reached skill level 18 in Bows
 11351 | D:11     | Found Synefod's Weapon Emporium.
 11351 | D:11     | Found a staircase to the Orcish Mines.
 11370 | D:10     | Received a gift from Okawaru
 11716 | D:11     | Found Luc Hiju's Armour Emporium.
 11754 | D:11     | Bought a +0 pair of gloves of archery for 172 gold pieces
 11824 | D:11     | Noticed an unseen horror
 11836 | D:11     | Killed an unseen horror
 11865 | D:11     | Identified Lehudib's Volume of Stones
 11929 | D:11     | Noticed a hill giant
 11933 | D:11     | Killed a hill giant
 11933 | D:11     | Received a gift from Okawaru
 11933 | D:11     | Reached skill level 19 in Bows
 12080 | D:11     | Noticed a hill giant
 12085 | D:11     | Killed a hill giant
 12133 | D:11     | Noticed a vault guard
 12143 | D:11     | Killed a vault guard
 12143 | D:11     | Received a gift from Okawaru
 12143 | D:11     | Reached XP level 12. HP: 47/70 MP: 11/11
 12257 | D:11     | Found a portal to a secret trove of treasure.
 12327 | D:11     | Noticed a skeletal warrior
 12347 | D:11     | Noticed a tengu warrior
 12350 | D:11     | Killed a tengu warrior
 12351 | D:11     | Noticed a seven-headed hydra
 12351 | D:11     | Noticed a hill giant
 12377 | D:11     | HP: 2/70 [cyclops/large rock (18)]
 12382 | D:11     | HP: 1/70 [poison (a potion of poison)]
 12385 | D:11     | Slain by a cyclops

Action                   |  1- 3 |  4- 6 |  7- 9 | 10-12 || total
-------------------------+-------+-------+-------+-------++-------
Melee: Short sword       |     7 |       |       |       ||     7
       Shortbow          |       |     1 |       |       ||     1
       Spear             |       |       |    41 |    74 ||   115
       Long sword        |       |       |     4 |       ||     4
       Longbow           |       |       |       |     4 ||     4
 Fire: Shortbow          |    82 |   118 |   487 |    66 ||   753
       Longbow           |       |       |       |   376 ||   376
Throw: Javelin           |       |       |       |    23 ||    23
Invok: Heroism           |       |       |       |     1 ||     1
  Use: Scroll            |     2 |     8 |    12 |     8 ||    30
       Potion            |       |       |     1 |    18 ||    19
  Eat: Fruit             |     1 |       |       |     5 ||     6
       Royal jelly       |     1 |       |       |     1 ||     2
       Pizza             |       |     2 |       |     2 ||     4
       Bread ration      |       |     1 |     1 |     2 ||     4
       Meat ration       |       |       |     1 |       ||     1
